 Dungeon Crawl Stone Soup version 0.31.0-32-g396128a36d (webtiles) character file.

Game seed: 10214747880776842147

2193 Heraclea the Chopper (level 9, -2/74 HPs)
             Began as a Hill Orc Fighter on Mar 18, 2024.
             Was a Follower of Nemelex Xobeh.
             Shot with a sling bullet by Joseph (12 damage)
             ... on level 7 of the Dungeon.
             The game lasted 00:11:43 (5126 turns).

Heraclea the Chopper (Hill Orc Fighter)             Turns: 5126, Time: 00:11:48

Health: -2/74      AC:  9    Str: 24    XL:     9   Next: 34%
Magic:  12/12      EV: 10    Int: 16    God:    Nemelex Xobeh [*.....]
Gold:   322        SH:  5    Dex: 10    Spells: 12/12 levels left

rFire   . . .        p - +5 spear "Hohuopn" {flame, *Slow rPois Str+3}
rCold   . . .        c - +0 buckler
rNeg    . . .        b - +0 scale mail
rPois   +            (no helmet)
rElec   +            (no cloak)
rCorr   .            (no gloves)
SInv    .            f - +1 pair of boots
Will    .....        (no amulet)
Stlth   +            e - +6 ring of intelligence
HPRegen 0.32/turn    (no ring)
MPRegen 0.13/turn

%: slow self (1%)
@: no status effects
A: electricity resistance, wild magic 1
a: Renounce Religion, Draw Escape, Draw Destruction, Draw Summoning


You were on level 7 of the Dungeon.
You worshipped Nemelex Xobeh.
Nemelex Xobeh was aware of your devotion.
You visited 1 branch of the dungeon, and saw 7 of its levels.

You collected 388 gold pieces.
You spent 66 gold pieces at shops.

Inventory:

Hand Weapons
 a - a +1 war axe
 p - the +5 spear "Hohuopn" (weapon) {flame, *Slow rPois Str+3}
   (You found it on level 4 of the Dungeon)

   Str+3:     It affects your strength (+3).
   rPois:     It protects you from poison *Slow: It may slow you when you take
   damage.
Armour
 b - a +0 scale mail (worn)
 c - a +0 buckler (worn)
 f - a +1 pair of boots (worn)
Jewellery
 e - a +6 ring of intelligence (left hand)
Talismans
 n - a talisman of death
Wands
 d - a wand of roots (7)
Scrolls
 k - 3 scrolls of immolation
 r - a scroll of fog
 u - a scroll of teleportation
 v - a scroll of vulnerability
Potions
 g - 3 potions of enlightenment {unknown}
 h - a potion of berserk rage {unknown}
 i - a potion of magic {unknown}
 j - a potion of curing {unknown}
 l - a potion of degeneration {unknown}
 m - a potion of attraction {unknown}
 o - 2 potions of brilliance
 q - a potion of resistance {unknown}
 s - a potion of haste {unknown}
 t - a potion of heal wounds {unknown}
 x - a potion of lignification {unknown}


   Skills:
 * Level 5.6 Fighting
 * Level 7.4(8.2) Axes
 * Level 4.4(6.0) Polearms
 * Level 6.0 Armour
 * Level 2.5 Dodging
 * Level 2.8 Stealth
 * Level 5.0 Shields
 * Level 2.2 Spellcasting
 * Level 0.7 Invocations
 * Level 2.4 Evocations
 * Level 2.3 Shapeshifting


You had 12 spell levels left.
You didn't know any spells.
Your spell library contained the following spells:

 Spells                   Type           Power      Damage    Failure   Level
 Slow                     Hex            8%         N/A       58%         1
 Ensorcelled Hibernation  Hex/Ice        4%         N/A       71%         2
 Confusing Touch          Hex            2%         N/A       90%         3
 Fugue of the Fallen      Necr           2%         N/A       90%         3
 Sigil of Binding         Hex            2%         N/A       90%         3
 Stone Arrow              Conj/Erth      4%         3d7       90%         3
 Vampiric Draining        Necr           2%         2d6       90%         3
 Anguish                  Hex/Necr       1%         N/A       100%        4
 Animate Armour           Summ/Erth      4%         N/A       100%        4
 Lehudib's Crystal Spear  Conj/Erth      1%         10d2      100%        8


Dungeon Overview and Level Annotations

Branches:
Dungeon (7/15)             Temple (0/1) D:6

Altars:
Ashenzari
Elyvilon
Gozag
Hepliaklqana
Kikubaaqudgha
Makhleb
Nemelex Xobeh
Ru
Trog
Xom

Shops:
D:1 :   D:2 [   D:4 ?

Annotations:
D:7 Joseph


Innate Abilities, Weirdness & Mutations

You are resistant to electric shocks. (rElec)
Your spells are a little harder to cast, but a little more powerful.


Message History

Roots grab Dowan.
Roots grab Joseph.
The grasping roots constrict Joseph.
The grasping roots constrict Dowan.
You hear a shout!
Unknown command.
Aiming: Fastroot
Press: ? - help, Shift-Dir - straight line, p - Dowan The roots erupt in riotous growth!
Roots grab the gnoll.
The grasping roots constrict Joseph.
The grasping roots constrict Dowan!
You kill Dowan!
The grasping roots constrict the gnoll.
The roots release their grip on Joseph.
Joseph unwields a +0 quarterstaff.
Joseph wields a +0 sling.
Joseph shoots a sling bullet.
The sling bullet hits you.
* * * LOW HITPOINT WARNING * * *
A gnoll comes into view. It is wielding a +0 club.
Unknown command.
Unknown command.
You draw a card...
You have drawn Pain.
Press: ? - help, Shift-Dir - straight line, f - Joseph
Aim: Joseph, wielding a +0 sling and wearing a +0 leather armour of willpower (severely wounded) Joseph easily resists.
You are no longer corroded.
The grasping roots constrict the gnoll.
Joseph shoots a sling bullet.
The sling bullet hits you!
* * * LOW HITPOINT WARNING * * *
Unknown command.
You draw a card...
You have drawn Pain.
Press: ? - help, Shift-Dir - straight line, f/p - Joseph
Aim: Joseph, wielding a +0 sling and wearing a +0 leather armour of willpower (severely wounded)
The bolt of negative energy hits Joseph!
Joseph is drained!
Joseph is almost dead.
The grasping roots constrict the gnoll.
The roots release their grip on the gnoll.
Joseph says, "It's nothing personal, but I have to kill you."
Joseph shoots a sling bullet.
The sling bullet hits you!
You die...
Your body glows slightly and disappears.

## .### ## §§#
###
####§§###§##...#
......§§§§§...#
....####§§#####
# #§@)§@§#
#§####§# ..)# §#
...... §#
.......> §§
......... #§
......... g#
.......... §g


You could see Joseph (drained) and 2 gnolls.

Vanquished Creatures
  Grinder (D:4)
  Menkaure (D:4)
  Edmund (D:4)
  Duvessa (D:7)
  An ice beast (D:7)
  A black bear (D:6)
  An ogre (D:5)
  3 phantoms
  4 scorpions
  3 wights (D:6)
  Dowan (D:7)
  5 hounds
  5 jellies
  3 iron imps (D:5)
  A sleepcap (D:6)
  6 iguanas
  An orc wizard (D:5)
  8 adders
  A white imp (D:6)
  7 dart slugs
  A ribbon worm (D:5)
  6 orcs
  2 endoplasms
  2 giant cockroaches
  6 goblins
  4 hobgoblins
  3 jackals (D:2)
  3 quokkas
  5 ball pythons
  5 bats
  4 frilled lizards
  3 kobolds
  6 rats
105 creatures vanquished.

Vanquished Creatures (others)
  A human (D:4)
1 creature vanquished.

Grand Total: 106 creatures vanquished

Notes
Turn   | Place    | Note
-------+----------+-------------------------------------------
     0 | D:1      | Heraclea the Hill Orc Fighter began the quest for the Orb.
     0 | D:1      | Reached XP level 1. HP: 19/19 MP: 1/1
    56 | D:1      | Reached XP level 2. HP: 26/27 MP: 2/2
   179 | D:1      | Found Miz Weaf's Book Shoppe.
   384 | D:1      | Reached skill level 3 in Axes
   560 | D:2      | Found Daumam's Armour Shop.
   633 | D:2      | Reached XP level 3. HP: 33/33 MP: 3/3
  1533 | D:3      | Reached XP level 4. HP: 40/40 MP: 4/4
  1552 | D:3      | Found a sacrificial altar of Ru.
  1997 | D:4      | Noticed a phantom
  1998 | D:4      | Noticed Menkaure
  2007 | D:4      | Killed Menkaure
  2008 | D:4      | Reached skill level 4 in Axes
  2008 | D:4      | Reached skill level 1 in Dodging
  2008 | D:4      | Reached skill level 1 in Stealth
  2008 | D:4      | Reached XP level 5. HP: 26/46 MP: 4/6
  2010 | D:4      | Killed a phantom
  2011 | D:4      | Reached skill level 5 in Axes
  2011 | D:4      | Reached XP level 6. HP: 31/52 MP: 4/7
  2016 | D:4      | Found an ancient bone altar of Kikubaaqudgha.
  2026 | D:4      | Noticed a human
  2033 | D:4      | Killed a human
  2054 | D:4      | Noticed Edmund
  2076 | D:4      | Killed Edmund
  2077 | D:4      | Reached skill level 1 in Spellcasting
  2077 | D:4      | Reached skill level 1 in Shapeshifting
  2203 | D:4      | Found a shimmering altar of Xom.
  2227 | D:4      | Reached XP level 7. HP: 60/60 MP: 8/8
  2228 | D:4      | Identified the +5 spear "Hohuopn" {flame, *Slow rPois
                  | Str+3}
  2417 | D:4      | Found a broken altar of Ashenzari.
  2528 | D:4      | Noticed Grinder
  2529 | D:4      | Paralysed by Grinder for 4 turns
  2540 | D:4      | Killed Grinder
  2541 | D:4      | Reached skill level 6 in Axes
  2586 | D:4      | Found Beunkici's Magic Scroll Shoppe.
  2591 | D:4      | Bought a scroll of immolation for 44 gold pieces
  2591 | D:4      | Bought a scroll of identify for 22 gold pieces
  2787 | D:5      | Entered Level 5 of the Dungeon
  2807 | D:5      | Reached skill level 1 in Polearms
  2807 | D:5      | Reached skill level 1 in Evocations
  2831 | D:5      | Reached XP level 8. HP: 33/67 MP: 10/10
  2972 | D:5      | Reached skill level 5 in Fighting
  3033 | D:5      | Reached skill level 5 in Armour
  3254 | D:5      | Gained mutation: You have a pair of small antennae on your
                  | head. [potion of mutation]
  3254 | D:5      | Gained mutation: You are dopey. (Int -2) [potion of
                  | mutation]
  3255 | D:5      | Lost mutation: You have a pair of small antennae on your
                  | head. [potion of mutation]
  3255 | D:5      | Lost mutation: You are dopey. (Int -2) [potion of mutation]
  3255 | D:5      | Gained mutation: You are resistant to electric shocks.
                  | (rElec) [potion of mutation]
  3255 | D:5      | Gained mutation: Your spells are a little harder to cast,
                  | but a little more powerful. [potion of mutation]
  3285 | D:5      | Found a burning altar of Makhleb.
  3323 | D:5      | Reached skill level 7 in Axes
  3482 | D:5      | Found an opulent altar of Gozag.
  3483 | D:5      | Found a sparkling altar of Nemelex Xobeh.
  3516 | D:5      | Became a worshipper of Nemelex Xobeh the Trickster
  3773 | D:6      | Found a bloodstained altar of Trog.
  4029 | D:6      | Reached XP level 9. HP: 65/74 MP: 12/12
  4030 | D:6      | Found a staircase to the Ecumenical Temple.
  4243 | D:6      | Found a white marble altar of Elyvilon.
  4320 | D:6      | Found a hazy altar of Hepliaklqana.
  4800 | D:6      | Reached * piety under Nemelex Xobeh
  4800 | D:6      | Received a gift from Nemelex Xobeh
  5099 | D:7      | Noticed Duvessa
  5100 | D:7      | Noticed Dowan
  5107 | D:7      | Noticed Joseph
  5109 | D:7      | Killed Duvessa
  5110 | D:7      | Reached skill level 5 in Shields
  5124 | D:7      | Killed Dowan
  5126 | D:7      | Shot with a sling bullet by Joseph

Illustrated notes

Levels and vault maps discovered:
D:1:      roadster_arrival_rocket_large, layout_rooms, serial_shops,
          nicolae_shop_tiny_real_fake_doors
D:2:      layout_basic, serial_shops, shop
D:3:      layout_rooms, mainiacjoe_overflow_small_starburst
D:4:      layout_rooms, mainiacjoe_overflow_brackets,
          mainiacjoe_overflow_six_doors_small, tgw_kikubaaqudgha, serial_shops,
          nicolae_shop_rolled_up, uniq_edmund, uniq_grinder, uniq_menkaure
D:5:      layout_rooms, grunt_temple_overflow_opulence, demons_altar,
          grunt_ministairs_4, kennysheep_potato
D:6:      layout_loops_corners, bloody_trog, lemuel_round_altar,
          elyvilon_altar_3, minmay_temple_entry_slanted
D:7:      layout_rooms, uniq_joseph, uniq_duvessa

Skill      XL: |  1  2  3  4  5  6  7  8  9 |
---------------+----------------------------+-----
Axes           | 3 4 5 6 7 |  7.4
Fighting       | 4 5 |  5.6
Armour         | 4 5 6 |  6.0
Dodging        | 1 2 |  2.5
Stealth        | 1 2 |  2.8
Shields        | 4 5 |  5.0
Spellcasting   | 1 2 |  2.2
Shapeshifting  | 1 2 |  2.3
Polearms       | 1 3 4 |  4.4
Evocations     | 1 2 |  2.4
Invocations    | |  0.7

Action                     |  1- 3 |  4- 6 |  7- 9 || total
---------------------------+-------+-------+-------++-------
  Melee: War axe           |    89 |    52 |       ||   141
         Spear             |       |       |   228 ||   228
 Invoke: Draw Destruction  |       |       |     2 ||     2
  Evoke: Wand              |       |       |    13 ||    13
    Use: Scroll            |     6 |     1 |     6 ||    13
         Potion            |       |     1 |     2 ||     3
 Armour: Scale mail        |    81 |    37 |   157 ||   275
  Dodge: Dodged            |    50 |    27 |    93 ||   170
  Block: Buckler           |    22 |    13 |    46 ||    81
